Cogmind - Beta 14 @@@ ROGUE MODE // 2024.12.22 @ 11:43:52 Player: Electroid Result: Destroyed by 9I-4AW(z) with Makeshift Spear Performance ------------- Evolutions (1) 500 Regions Visited (4) 800 Robots Destroyed (45) 225 Value Destroyed (653) 653 Prototype IDs (1) 20 Alien Tech Used (0) 0 Bonus (601) 601 TOTAL SCORE: 2799 Bonus ------- High Alert Combat Kills 23 Met Imprinter 300 Was Imprinted 300 Friendly Fire -22 Cogmind --------- Core Integrity 0/400 Matter 272/300 Energy 8/100 System Corruption 0% Temperature Cool (0) Movement Core (100) Ox1 Location -7/Zion Parts ------- > --- POWER (1) -------- (None) > --- PROPULSION (2) --- (None) > --- UTILITY (4) ------ Weight Redist. System > --- WEAPON (2) ------- Phasing Sabre > --- INVENTORY (5) ---- Tactical Coordination Suite Beamcaster Bore Cannon Mini Grenade Launcher GAL Module Peak State ------------ > --- POWER ------------ Light Ion Engine > --- PROPULSION ------- VTOL Module > --- UTILITY ---------- Weight Redist. System Tactical Coordination Suite Kinecellerator Core Shielding > --- WEAPON ----------- Mini Grenade Launcher Mini Grenade Launcher > --- INVENTORY -------- Beamcaster Bore Cannon Phasing Sabre GAL Module [Rating: 21] Favorites ----------- Power Light Ion Engine Engine Light Ion Engine Power Core Light Nuclear Core Propulsion Light Treads Treads Light Treads Leg Aluminum Leg Wheel Armored Wheel Flight Unit VTOL Module Utility Shield Generator Device Shield Generator Storage Medium Storage Unit Protection Core Shielding Weapon Mini Grenade Launcher Energy Gun Particle Gun Ballistic Gun Light Assault Rifle Ballistic Cannon Bore Cannon Launcher Mini Grenade Launcher Slashing Weapon Phasing Sabre Build | -11 -10 -9 -9 -7 ------- Run | Yrd Mat Mat Min Zio Slots Evolved 2 | . . 2 . . Power . | . . . . . Propulsion . | . . . . . Utility 2 | . . 2 . . Weapon . | . . . . . Parts Attached 50 | 5 18 17 1 9 Power 4 | 1 2 1 . . Engine 3 | 1 1 1 . . Core 1 | . 1 . . . Reactor . | . . . . . Propulsion 8 | 2 1 5 . . Treads 2 | 2 . . . . Leg 1 | . 1 . . . Wheel 2 | . . 2 . . Hover . | . . . . . Flight 3 | . . 3 . . Utility 17 | 1 5 5 1 5 Device 10 | 1 1 3 1 4 Storage 5 | . 4 1 . . Processor . | . . . . . Hackware . | . . . . . Protection 2 | . . 1 . 1 Artifact . | . . . . . Weapon 21 | 1 10 6 . 4 Energy Gun 10 | . 7 3 . . Energy Cannon . | . . . . . Ballistic Gun 4 | 1 3 . . . Ballistic Cannon 1 | . . . . 1 Launcher 4 | . . 3 . 1 Special Weapon . | . . . . . Impact Weapon . | . . . . . Slashing Weapon 2 | . . . . 2 Piercing Weapon . | . . . . . Special Melee Weapon . | . . . . . Unidentified Prototypes 1 | . 1 . . . Parts Lost 15 | . 6 5 . 4 Power 3 | . 1 1 . 1 Propulsion 5 | . 2 2 . 1 Utility 4 | . . 2 . 2 Weapon 3 | . 3 . . . Highest Loss Streak 4 | . 4 3 . 4 To Critical Strikes 1 | . . 1 . . Average Slot Usage (%) 80 | . 85 80 69 75 Engine 8 | . 6 8 11 10 Core 3 | . 6 2 . . Treads 3 | . 9 . . . Leg 3 | . 6 4 . . Wheel 1 | . . 7 . . Flight 4 | . . 2 11 10 Device 18 | . 14 22 14 22 Storage 7 | . 14 7 . . Protection 4 | . . 4 11 10 Energy Gun 13 | . 24 12 . . Launcher 8 | . . 7 22 20 Peak Build Rating 21 | 5 12 18 11 21 Average Rating 11 | 3 9 13 10 15 On Entrance 7 | . 5 12 10 11 Naked Turns . | . . . . . Heaviest Build 27 | 7 23 27 7 17 Greatest Support 40 | 40 40 30 10 10 Greatest Overweight (x) 6 | . 6 2 . 1 Average Overweight (x) . | . 1 . . . Largest Inventory Capacity 20 | 5 20 10 5 5 Average Capacity 7 | 5 9 8 5 5 Most Carried 10 | 4 10 10 5 5 Average Carried 6 | 2 6 7 4 4 Final Capacity 10 | 5 10 5 5 5 Final Carried 10 | 3 10 5 5 5 Class Distribution -------------------- 100% | Mutant Dominant Class ---------------- Mutant | -10/Materials Mutant | -9/Materials Mutant | -9/Mines Mutant | -7/Zion Resources | -11 -10 -9 -9 -7 ----------- Run | Yrd Mat Mat Min Zio Matter Collected 865 | 272 210 293 20 70 Remotely 376 | 218 128 . 20 10 Salvage Created 1074 | 139 446 489 . . Parts 90 | 10 28 52 . . Haulers Intercepted . | . . . . . Recyclers Shooed 2 | 1 . 1 . . Parts Field Recycled . | . . . . . Retrieved Matter . | . . . . . Parts Self-Destructed . | . . . . . Prevented . | . . . . . Kills | -11 -10 -9 -9 -7 ------- Run | Yrd Mat Mat Min Zio Combat Hostiles Destroyed 21 | . 5 16 . . Guns 10 | . 4 6 . . AOE 11 | . 1 10 . . Classes Destroyed 10 | 3 4 3 . . Worker 4 | 2 1 1 . . Builder 4 | . 1 3 . . Tunneler 4 | 2 1 1 . . Recycler 5 | 1 1 3 . . Mechanic 1 | . . 1 . . Operator 1 | . 1 . . . Watcher 5 | . 3 2 . . Swarmer 13 | . . 13 . . Grunt 7 | . 5 2 . . Sentry 1 | . . 1 . . Best Kill Streak 20 | 4 3 20 . . Combat Bots Only 9 | . 2 9 . . Max Kills in Single Turn 4 | 1 2 4 . . Gunslinging 1 | . . 1 . . Exploded 2 | . 1 2 . . Melee . | . . . . . Uniques/NPCs Destroyed . | . . . . . Combat | -11 -10 -9 -9 -7 -------- Run | Yrd Mat Mat Min Zio Hostile Shots Fired 144 | . 54 44 . 46 Missed 39 | . 11 17 . 11 Damage Taken 1586 | . 739 258 . 589 Core 586 | . 143 19 . 424 Absorbed by Shields 89 | . 8 81 . . Redirected to Shielding 20 | . . 2 . 18 Core Remaining (%) 71 | 100 42 . . . Volleys Fired 90 | 22 39 25 . 4 Largest 2 | 1 2 2 . 1 Hottest 130 | 20 130 130 . 57 Shots Fired 122 | 22 63 33 . 4 Gun 101 | 22 63 16 . . Cannon 4 | . . . . 4 Launcher 17 | . . 17 . . Special . | . . . . . Kinetic 50 | 22 24 . . 4 Thermal 31 | . 23 8 . . Explosive 15 | . . 15 . . Electromagnetic 26 | . 16 10 . . Robot Hit Streak 8 | 8 8 7 . . Robot Miss Streak 4 | 1 2 4 . 1 Penetration Max . | . . . . . Secondary Targets 2 | . 1 1 . . Max Gunslinging Chain 1 | . 1 1 . . Shots Hit Robots 71 | 17 35 13 . 6 Core Hits 68 | 9 21 37 . 1 Critical Kills . | . . . . . Critical Parts Destroyed . | . . . . . Critical Strikes . | . . . . . Melee Attacks 7 | . . . . 7 Impact . | . . . . . Slashing 7 | . . . . 7 Piercing . | . . . . . Sneak Attacks . | . . . . . Combat Hostiles . | . . . . . Follow-up Attacks . | . . . . . Damage Inflicted 2639 | 134 644 1576 . 285 Guns 775 | 134 465 176 . . Cannons 22 | . . . . 22 Explosions 1579 | . 179 1400 . . Melee 263 | . . . . 263 Ramming . | . . . . . Kinetic 265 | 134 109 . . 22 Thermal 507 | . 389 118 . . Explosive 1162 | . . 1162 . . Electromagnetic 442 | . 146 296 . . Impact . | . . . . . Slashing 263 | . . . . 263 Piercing . | . . . . . Highest Corruption . | . . . . . Average Corruption . | . . . . . Corruption Purged . | . . . . . Corruption Blocked . | . . . . . Overload Shots . | . . . . . Overflow Damage 88 | . . 88 . . Projectiles . | . . . . . Explosions 88 | . . 88 . . Melee . | . . . . . Knockbacks . | . . . . . Impact . | . . . . . Kinetic . | . . . . . Secondary . | . . . . . Self-Inflicted Damage 94 | . 30 64 . . Shots 4 | . 2 2 . . Rammed . | . . . . . Targets Rammed . | . . . . . Kicked . | . . . . . Crushed . | . . . . . Highest Temperature 290 | . 290 198 . 32 Average Temperature 97 | . 112 65 . 15 Received Heat Transfer 432 | . 345 47 . 40 Effects 1 | . 1 . . . Interference 1 | . 1 . . . Siege Activations . | . . . . . Robots Corrupted . | . . . . . Combat Hostiles . | . . . . . Parts Fried . | . . . . . Impact Corruptions . | . . . . . Robots Melted . | . . . . . Combat Hostiles . | . . . . . Parts Melted 2 | . 2 . . . Heat Transferred 993 | . 808 185 . . Parts Sabotaged . | . . . . . Parts Stolen . | . . . . . Parts Stripped . | . . . . . Power Chain Reactions 3 | . 2 1 . . Alert | -11 -10 -9 -9 -7 ------- Run | Yrd Mat Mat Min Zio Peak Influence 508 | 25 115 508 131 . Initial 131 | . 16 5 131 . Average 78 | 8 34 201 131 . Maximum Alert Level 2 | . . 2 . . Low Security (%) 87 | 100 100 52 100 . Level 1 10 | . . 38 . . Level 2 2 | . . 9 . . Level 3 . | . . . . . Level 4 . | . . . . . Level 5 . | . . . . . High Security . | . . . . . Max Security . | . . . . . Squads Dispatched 3 | . 1 2 . . Investigation . | . . . . . Extermination . | . . . . . Reinforcement 3 | . 1 2 . . Assault . | . . . . . Garrison . | . . . . . Intercept . | . . . . . Searches Triggered . | . . . . . Construction Impeded 1 | . . 1 . . Haulers Reinforced . | . . . . . Active Scanning Responses . | . . . . . Cargo Convoy Interrupts . | . . . . . Stealth | -11 -10 -9 -9 -7 --------- Run | Yrd Mat Mat Min Zio Distress Signals 4 | . 1 3 . . Communications Jammed . | . . . . . Distress Signals . | . . . . . Times Spotted 42 | . 17 19 . 6 Peak Tracking Total 7 | . 5 6 . 7 Tactical Retreats 2 | . . 2 . . Traps | -11 -10 -9 -9 -7 ------- Run | Yrd Mat Mat Min Zio Traps Triggered 2 | . 2 . . . Indirectly . | . . . . . Trap Hack Attempts . | . . . . . Triggered . | . . . . . Disarmed . | . . . . . Reprogrammed . | . . . . . Reused . | . . . . . Traps Extracted . | . . . . . Installed . | . . . . . Triggered . | . . . . . Machines | -11 -10 -9 -9 -7 ---------- Run | Yrd Mat Mat Min Zio Machines Disabled 1 | . . 1 . . Max in Single Turn 1 | . . 1 . . Machines Repaired . | . . . . . Machines Dismantled . | . . . . . Machines Sabotaged . | . . . . . Overloaded Fab Kills . | . . . . . Hacking | -11 -10 -9 -9 -7 --------- Run | Yrd Mat Mat Min Zio Machines Accessed 1 | . . 1 . . Terminals . | . . . . . Fabricators . | . . . . . Repair Stations . | . . . . . Recycling Units . | . . . . . Scanalyzers 1 | . . 1 . . Garrison Access . | . . . . . Total Hacks 2 | . . 2 . . Successful 2 | . . 2 . . Failed . | . . . . . Catastrophic . | . . . . . Database Lockouts . | . . . . . Manual 2 | . . . . 2 Terminals . | . . . . . Fabricators . | . . . . . Repair Stations . | . . . . . Recycling Units . | . . . . . Scanalyzers 2 | . . 2 . . Garrison Access . | . . . . . Terminal Hacks . | . . . . . Fabricator Hacks . | . . . . . Repair Station Hacks . | . . . . . Recycling Unit Hacks . | . . . . . Scanalyzer 2 | . . 2 . . Insert Component 1 | . . 1 . . Analyze 1 | . . 1 . . Garrison Access Hacks . | . . . . . Unauthorized Hacks . | . . . . . Terminals . | . . . . . Fabricators . | . . . . . Repair Stations . | . . . . . Recycling Units . | . . . . . Scanalyzers . | . . . . . Garrison Access . | . . . . . Data Cores Recovered . | . . . . . Used . | . . . . . Hacking Detections . | . . . . . Full Trace Events . | . . . . . Feedback Events . | . . . . . Feedback Blocked . | . . . . . Robot Schematics Acquired . | . . . . . Robots Built . | . . . . . Authchips . | . . . . . Time . | . . . . . Total Robot Build Rating . | . . . . . Part Schematics Acquired 1 | . . 1 . . Parts Built . | . . . . . Authchips . | . . . . . Time . | . . . . . Total Part Build Rating . | . . . . . Parts Repaired . | . . . . . Time . | . . . . . Parts Recycled . | . . . . . Recycled Matter . | . . . . . Retrieved Matter . | . . . . . Retrieved Components . | . . . . . Parts Scanalyzed 1 | . . 1 . . Part Schematics Acquired 1 | . . 1 . . Parts Damaged . | . . . . . Bothacking | -11 -10 -9 -9 -7 ------------ Run | Yrd Mat Mat Min Zio Used RIF Installer . | . . . . . Robots Hacked . | . . . . . Non-combat . | . . . . . Combat . | . . . . . Robot Hacks Applied . | . . . . . Relay Couplers Released . | . . . . . Fabnet Peak Effective % . | . . . . . Robots Rewired . | . . . . . Allies Hacked . | . . . . . Hacks Repelled . | . . . . . Allies | -11 -10 -9 -9 -7 -------- Run | Yrd Mat Mat Min Zio Total Allies 6 | . . . . 6 Largest Group 6 | . . . . 6 Highest-Rated Group 347 | . . . . 347 Highest-Rated Ally 96 | . . . . 96 Total Orders . | . . . . . Ally Attacks 11 | . . . . 11 Total Damage 492 | . . . . 492 Kills . | . . . . . Allies Corrupted 1 | . . . . 1 Allies Melted 1 | . . . . 1 Intel | -11 -10 -9 -9 -7 ------- Run | Yrd Mat Mat Min Zio Robot Analysis Total . | . . . . . Derelict Logs Recovered 1 | . . . . 1 Drone Launches . | . . . . . Drone Recoveries . | . . . . . Exploration | -11 -10 -9 -9 -7 ------------- Run | Yrd Mat Mat Min Zio Turns Passed 2495 | 171 1018 453 34 819 Spaces Moved 2494 | 61 396 408 91 1538 Core 141 | 15 12 114 . . Treads 242 | 46 196 . . . Legs 254 | . 188 66 . . Wheels 138 | . . 138 . . Hover . | . . . . . Flight 1719 | . . 90 91 1538 Fastest Speed 35 | 50 160 35 35 35 Average Speed 76 | 132 221 87 35 36 Slowest Speed 350 | 160 350 260 35 115 Overloaded Moves . | . . . . . Propulsion Burnouts . | . . . . . Robots Hopped 3 | . . 3 . . Cave-ins Triggered . | . . . . . Exploration Rate (%) 41 | 4 58 31 24 89 Regions Visited 4 Branch Regions 2 Pre-discovered Areas 1 | . . . . 1 Known Exits Taken . | . . . . . Unknown Exits Taken 4 | 1 1 1 1 . Scrap Searched 2 | . . . 1 1 Spaces Dug . | . . . . . Terrain Destroyed 75 | . 2 73 . . Melee . | . . . . . Projectile . | . . . . . AOE 75 | . 2 73 . . Terrain Rammed . | . . . . . Walls Destroyed . | . . . . . Machines Disabled . | . . . . . Actions | -11 -10 -9 -9 -7 --------- Run | Yrd Mat Mat Min Zio Total 2956 | 133 475 466 92 1790 Wait 252 | 38 7 3 . 204 Move 2485 | 60 395 402 90 1538 Hop 2 | . . 2 . . Pick Up 44 | 8 14 9 1 12 Fast Attach 7 | . 1 4 . 2 Attach 20 | 5 6 5 1 3 Detach 1 | . . . . 1 Swap 23 | . 11 8 . 4 Drop 25 | . 2 8 . 15 Fire 90 | 22 39 25 . 4 Melee 7 | . . . . 7 Ram . | . . . . . Kick . | . . . . . Crush . | . . . . . Escape Stasis . | . . . . . Rewire . | . . . . . Trap . | . . . . . Miscellaneous . | . . . . . Route ------- -11/Scrapyard -10/Materials (discovered 2 exits: *Mat x2) -9/Materials -9/Mines -7/Zion History --------- Turn | Location | Event 11 | -11/Scrapyard | Discovered new exit (range 15) 172 | -11/Scrapyard | Entered Materials 328 | -10/Materials | Build established: Mutant 400 | -10/Materials | Core integrity fell below 50% 422 | -10/Materials | Lost 4 parts (1n3w) 423 | -10/Materials | Discovered new exit (range 15) 657 | -10/Materials | Discovered new exit (range 16) 1190 | -10/Materials | Entered another Materials area 1190 | -9/Materials | Evolved 2 slots: Utility x2 1594 | -9/Materials | Destroyed 9 combat bots 1603 | -9/Materials | Lost 3 parts (2n1u) 1607 | -9/Materials | Discovered new exit (range 8) 1643 | -9/Materials | Entered Mines 1675 | -9/Mines | A Derelict revealed a hidden shortcut to a safe place 1677 | -9/Mines | Entered Zion 1767 | -7/Zion | Learned Factory stockpile data 1824 | -7/Zion | Found GAL Module 1874 | -7/Zion | Given A8's code to call for help 1956 | -7/Zion | Learned location of Quarantine (-2) 1970 | -7/Zion | Met Imprinter 2108 | -7/Zion | Found Prototype Energy Gun 2319 | -7/Zion | Imprinted 2321 | -7/Zion | Declared Zion's savior 2433 | -7/Zion | Enhanced Grunt warped into view, answering call for help 2433 | -7/Zion | Enhanced Grunt warped into view, answering call for help 2469 | -7/Zion | Attacked by Zionites 2493 | -7/Zion | Core integrity fell below 50% 2496 | -7/Zion | Core integrity fell below 20% 2496 | -7/Zion | Destroyed by 9I-4AW(z) with Makeshift Spear Last Messages --------------- PUBLIC SERVICE ANNOUNCEMENT: Zion is under attack! Defend our home! Dropped Phasing Sabre. Enhanced Grunt suffers critical hit (Burn). Acquired Phasing Sabre. HV Slug penetrates Reinforced Barrier. Enhanced Grunt shuts down. Enhanced Grunt heat short circuits Prototype Device. Enhanced Grunt suffers critical hit (Burn). Enhanced Grunt critical meltdown. Lgt. Ion Engine destroyed. 9I-4AW(z) bursts out of the Twisted Machinery. Enhanced Grunt system terminally corrupted. VTOL Module destroyed. 9I-4AW(z) pulls a Mak. Spear out of the Twisted Machinery. Core Shielding destroyed. Kinecellerator destroyed. Critical hit (Impale). Map ----- +----------------------------------------------------+ | ????????????????????????????????????????????????? | | ????????????????????????????????????????????????? | | ????????????????????????????????????????????????? | | ????????????????????????????????????????????????? | | ????????????????????????????????????????????????? | | ????????????????????????????????????????????????? | | ????????????????????????????????????????????????? | | ????????????????????????????????????????????????? | | ????????????????????????????????????????????????? | | ????????????????????????????????????????????????? | | ????????????????????????????????????????????????? | | ????????????????????????????????????????????????? | | ????????????????????????????????????????????????? | | ????????????????????????????????????????????????? | | ????????????????????????????????????????????????? | | ???????????????????????????????????????????####?? | | ???????????????????????????????????????????#""### | | ???????????????????????????????????????######"""" | | ????????????????????????##?????????????#""""""""" | | ??????????????????????##"##?????????####""" | | ??????????????????????#"#"#??###????#"" "" | | ??????????????????????# ""##?#"####?#" " | | ??????????????????????"]X""### ""#?#"" | | ??????????????????????# M"""#<[ "#?### "" | | ?????????????????????## %M"""" ###"# "" | | ?????????????????????" @zM=%!c "#"" "" | | ?????????????????????" M!M!= """" "" | | ?????????????????????# """" """" """ | | ??????????????????#""" """"" " """ """ | | ??????????????????##""###""" """ "" "" | | ???????????????????###??##""" """# | | ?????????????????????????#""" """"" " | | ?????????????????????????##" """""" | | ?????????????????????????##" """"" | | ?????????????????????????#"" """ """ """"" | | ?????????????????????????#"" """" """" """" %! | | ????????????????????????#""" """" """" """ % | | ????????????????????????###"" """" " | | ??????????????????????????#""""""""""" " | | ??????????????????????????#""##"""""" | | ??????????????????????????########""" | | ?????????????????????????????????##"" "" | | ?????????????????????????????????#"#" """ | | ?????????????????????????????????##""" """"" | | ??????????????????????????????????#"#"""""#"" | | ??????????????????????????????????##""""""""" | | ???????????????????????????????????###""""" | | ?????????????????????????????????????####"" " | | ??????????????#########?????????????????#""" " | | ????###########""""#""#####?#####????####""" " | +----------------------------------------------------+ Best States ------------- Heat Dissipation 28 Energy Generation 14 Energy Capacity 250 Matter Stores 300 Matter Capacity 300 Sight Range 16 Terrain Scan Density 10 Additional Mass Support 6 Core Shielding 20 Evasion (%) 63 Recoil Reduction 2 Kinecelleration 30 Item Schematics ----------------- Shield Generator | -9/Materials | Scanalyzed Robot Schematics ------------------ None Fabricated ------------ Nothing Alien Tech Used ----------------- None Achievements -------------- Help From High Places Robot Respite The More The Merrier The One Use The Force Challenges ------------ None Game ------ Seed ScanPitchforkGreatsword Manual? 0 Play Time 00:46:29 Cumulative 3.3 hours Start 2024.12.22 @ 00:22:21 End 2024.12.22 @ 11:43:52 Sessions 5 Manual Loads 0 Difficulty Rogue Special Mode None Game No. 4 Rogue 4 Adventurer 0 Explorer 0 Win Type - Total 0 Types 0/0/0/0/0/0/0/0/0 Lore% 2 Gallery% 7 Achievement% 7 Wizard Run 0 Options --------- Layout 1 ASCII 0 Keyboard 0 Movement Mouse Keybinds 0 Fullscreen 2 Font 32/SmallcapsGlow Map View 50x35 Zoom Use 0% Tactical HUD 0 Map Filters NONE Filters NONE Steam 0 RUN: bb9f928e-0ee9-4a29-867b-3b49e7b16fad